 Dungeon Crawl Stone Soup version 0.29-a0-492-g10b964d8d7 (webtiles) character file.

Game seed: 7345139226346317689

252 KristoblXynda the Ruffian (level 5, 0/47 HPs)
             Began as a Draconian Monk on May 27, 2022.
             Slain by an orc
             ... wielding a +0 hand axe of freezing
              (4 damage)
             ... on level 3 of the Dungeon.
             The game lasted 00:02:13 (2889 turns).

KristoblXynda the Ruffian (Draconian Monk)          Turns: 2889, Time: 00:02:13

Health: 0/47       AC:  5    Str: 15    XL:     5   Next: 89%
Magic:  5/5        EV: 13    Int: 10    God:
Gold:   127        SH:  0    Dex: 14    Spells: 4/4 levels left

rFire   . . .      SeeInvis .     - Unarmed
rCold   . . .      Faith    .   (no shield)
rNeg    . . .      Spirit   .   (body armour unavailable)
rPois   .          Reflect  .   (helmet restricted)
rElec   .          Harm     .   (no cloak)
rCorr   .          Rampage  .   (no gloves)
Will    .....                   (no boots)
Stlth   ++........              (no amulet)
HPRegen 0.15/turn               (no ring)
MPRegen 0.09/turn               (no ring)

@: no status effects
A: AC +5, unfitting armour, cold-blooded
a: no special abilities


You were on level 3 of the Dungeon.
You visited 1 branch of the dungeon, and saw 3 of its levels.

You collected 127 gold pieces.

Inventory:

Scrolls
 b - a scroll of poison {unknown}
Potions
 c - a potion of curing
 e - a potion of ambrosia


   Skills:
 + Level 4.7 Fighting
 + Level 4.1 Dodging
 - Level 1.7 Stealth
 + Level 4.7 Unarmed Combat


You had 4 spell levels left.
You didn't know any spells.
Your spell library contained the following spells:

 Spells                   Type           Power      Damage    Failure   Level
 Poisonous Vapours        Pois/Air       0%         N/A       50%         2
 Corpse Rot               Necr/Pois/Air  0%         N/A       98%         4


Dungeon Overview and Level Annotations

Branches:
Dungeon (3/15)

Altars:

Shops:
D:2 :


Innate Abilities, Weirdness & Mutations

Your plain brown scales are hard. (AC +5)
You cannot fit into any form of body armour.
You are cold-blooded and may be slowed by cold attacks.


Message History

The orc attacks as you move away! The orc closely misses you.
The orc attacks as you move away!
The orc hits you with a +0 hand axe of freezing.
The orc freezes you.
You see here a +0 giant spiked club.
You are too injured to fight recklessly!
The orc closely misses you.
You barely miss the orc. You punch the orc!
You kill the orc!
You closely miss the orc.
The orc hits you with a +0 hand axe of freezing.
The orc freezes you.
You barely miss the orc. The orc closely misses you.
You hit the orc but do no damage. The orc misses you.
You closely miss the orc.
Your tail-slap misses the orc.
The orc barely misses you.
You barely miss the orc. You hit the orc.
The orc is lightly wounded.
The orc hits you with a +0 hand axe of freezing.
* * * LOW HITPOINT WARNING * * *
The orc freezes you.
* * * LOW HITPOINT WARNING * * *
You barely miss the orc.
The orc is lightly wounded.
The orc hits you with a +0 hand axe of freezing.
* * * LOW HITPOINT WARNING * * *
You feel yourself slow down. The orc freezes you.
* * * LOW HITPOINT WARNING * * *
You closely miss the orc. The orc barely misses you.
The orc hits you but does no damage.
You hit the orc.
The orc is moderately wounded.
You feel yourself speed up. The orc closely misses you.
Unknown command.
You hit the orc but do no damage.
Your tail-slap misses the orc.
The orc is moderately wounded.
The orc hits you with a +0 hand axe of freezing.
You die...

.......<..##########
.########....†.....#
........########.#
#####...#######
...............
#.##.#...###...##
#.##.###.# ..#
....##)# .... .
...#@# ....#
#.#o##....#
#....)..#
#)........#
...........###.##
...##............ .
#.....##### . ..
.......# ##.
........#


You could see an orc.

Vanquished Creatures
  2 ogres (D:3)
  A gnoll (D:1)
  3 adders (D:2)
  2 worms
  A dart slug (D:2)
  2 orcs (D:3)
  4 endoplasms
  4 giant cockroaches
  5 goblins
  2 hobgoblins
  A jackal (D:2)
  A quokka (D:2)
  4 ball pythons
  6 bats
  3 frilled lizards
  5 kobolds
  5 rats
51 creatures vanquished.

Notes
Turn   | Place    | Note
-------+----------+-------------------------------------------
     0 | D:1      | KristoblXynda the Draconian Monk began the quest for the
                  | Orb.
     0 | D:1      | Reached XP level 1. HP: 19/19 MP: 1/1
   400 | D:1      | Reached XP level 2. HP: 26/26 MP: 2/2
   497 | D:1      | HP: 1/26 [gnoll/+0 club (3)]
   892 | D:1      | Reached XP level 3. HP: 30/33 MP: 3/3
   922 | D:1      | Found a faded altar of an unknown god.
  2054 | D:2      | Reached XP level 4. HP: 40/40 MP: 4/4
  2236 | D:2      | Found Zikhle's Book Shoppe.
  2553 | D:3      | Noticed an ogre
  2720 | D:3      | Killed an ogre
  2721 | D:3      | Reached XP level 5. HP: 47/47 MP: 5/5
  2772 | D:3      | Noticed an ogre
  2783 | D:3      | Killed an ogre
  2889 | D:3      | Slain by an orc

Illustrated notes

Levels and vault maps discovered:
D:1:      arrival_zaba_pyramid, layout_loops_ring,
          hellmonk_ecumenical_altar_pennies_from_heaven
D:2:      layout_basic, serial_shops, shop, roderic_roman_lattice,
          minmay_tiny_reverse_x
D:3:      layout_loops_ring, minitemple

Skill      XL: |  1  2  3  4  5 |
---------------+----------------+-----
Dodging        | 3 4 |  4.1
Fighting       | 4 |  4.7
Unarmed Combat | 4 |  4.7
Stealth        | |  1.7

Action                   |  1- 3 |  4- 6 || total
-------------------------+-------+-------++-------
Melee: Unarmed           |   158 |    54 ||   212
       Tailslap          |    17 |     3 ||    20
       Punch             |     3 |     5 ||     8
  Use: Potion            |     1 |     3 ||     4
       Scroll            |       |     3 ||     3
 Stab: Sleeping          |     3 |     3 ||     6
Armor: Skin              |    55 |     7 ||    62
Dodge: Dodged            |   121 |    24 ||   145

Table legend: (Time is in decaauts)
 A = Elapsed time spent in this place.
 B = Non-inter-level travel time spent in this place.
 C = Inter-level travel time spent in this place.
 D = Time resting spent in this place.
 E = Time spent auto-exploring this place.
 F = Levels seen in this place.
 G = Mean time per level.
                   A        B        C        D        E       F      G
               +--------+--------+--------+--------+--------+-----+--------+
         Total |   2894 |   2818 |     76 |    613 |   1771 |   3 |  964.7 |
       Dungeon |   2894 |   2818 |     76 |    613 |   1771 |   3 |  964.7 |
               +--------+--------+--------+--------+--------+-----+--------+

Top non-repeatable levels by time:
     D:1: 1383 daAuts
     D:2: 1197 daAuts
     D:3: 314 daAuts
